[Event "Tirnavia Reti Memorial-GM 2022"]
[Site "Trnava"]
[Date "2022.08.12"]
[Round "3.7"]
[White "Lanc, Alois"]
[Black "Skreno, Vladimir"]
[Result "1-0"]
[ECO "B32"]
[WhiteElo "2263"]
[BlackElo "2083"]
[Annotator "TA"]
[PlyCount "81"]
[EventDate "2022.08.10"]
[EventType "tourn"]
[EventCountry "SVK"]
[SourceTitle "playchess.com"]
[Source "ChessBase"]
[SourceQuality "1"]
[TimeControl "40/5400+30:1800+30"]

1. e4 c5 2. Nf3 Nc6 3. d4 cxd4 4. Nxd4 e5 5. Nb5 a6 6. Nd6+ Bxd6 7. Qxd6 Qf6 8. Qd2 Nge7 9. Nc3 d6 {[%emt 0:04:16] B32: Sicilian: Löwenthal and Kalashnikov Variations.} 10. b3 O-O 11. Bb2 Rd8 {[%emt 0:12:15] White has an edge.} 12. O-O-O {[%emt 0:01:07] [#]} Be6 $146 ({Predecessor:} 12... b5 13. Kb1 Bb7 14. g3 Nd4 15. Bg2 Rac8 16. Rc1 b4 17. Nd5 Bxd5 18. exd5 Nb5 19. Qxb4 Qxf2 {1-0 (27) Kernazhitsky,L (2285)-O'Donnell,T (2354) Radebeul 2016}) 13. Nd5 $1 Bxd5 14. exd5 Nb8 15. g3 Nd7 16. f4 b5 17. Bg2 Rac8 18. fxe5 Nxe5 19. Be4 {[%emt 0:06:52] Strongly threatening Rhf1.} N7g6 20. h4 Qe7 21. Rhe1 Qc7 (21... f6 $142) 22. h5 $1 $16 Nf8 23. Kb1 a5 (23... h6 $16) 24. h6 g6 25. Rc1 (25. Bxe5 $18 dxe5 26. d6) 25... Re8 26. Qf4 (26. Bd3 $16) 26... f5 ({Black should play} 26... Nfd7 $1 $14) 27. Bg2 (27. Bd3 $16) 27... Nfd7 $11 28. Bf1 Rb8 (28... Qc5 $11) 29. Re3 (29. Be2 $16) 29... Rf8 30. Rc3 $36 {[%emt 0:00:59][%mdl 2048] Black is under pressure.} Qb7 {[%emt 0:02:36] [#]} (30... Nc5 $14) 31. Bg2 $1 $16 Nf6 $2 {[%emt 0:00:08] [#] This costs Black the game.} (31... Ra8 $16 {is a better defense.}) 32. Rc6 $1 $18 Nxc6 (32... Nh5 {keeps fighting.} 33. Qd2 Qd7) 33. dxc6 Qe7 34. Rd1 (34. Qd4 $142) 34... Rbd8 35. Qd4 Rf7 $2 (35... d5 36. Bf3 Kf7) 36. g4 fxg4 37. Bd5 {[%emt 0:00:43] White wants to mate with Rf1. This bishop pair is nice.} Rdf8 38. c7 (38. Rf1 $142 Ra8 39. Qxf6 Qxf6 40. Rxf6 Re8 41. c7 Re1+ 42. Bc1 Re8 43. Bxf7+ Kh8 44. Bxe8 Kg8 45. c8=Q Kh8 46. Bxb5#) 38... Qe5 39. Bxf7+ Kxf7 40. Qxe5 dxe5 41. Rd8 {[%emt 0:30:09] Weighted Error Value: White=0.22 (precise) /Black=0.77} 1-0

[Event "Tirnavia Reti Memorial-GM 2022"]
[Site "Trnava"]
[Date "2022.08.12"]
[Round "3.8"]
[White "Bures, Jaroslav"]
[Black "Petran, Peter"]
[Result "1-0"]
[ECO "B15"]
[WhiteElo "2416"]
[BlackElo "2234"]
[Annotator "TA"]
[PlyCount "127"]
[EventDate "2022.08.10"]
[EventType "tourn"]
[EventCountry "SVK"]
[SourceTitle "playchess.com"]
[Source "ChessBase"]
[SourceQuality "1"]
[TimeControl "40/5400+30:1800+30"]

1. d4 g6 2. e4 Bg7 3. Nc3 c6 4. Nf3 d5 5. Bf4 Bg4 6. exd5 cxd5 7. Nb5 Na6 {[%emt 0:01:08] Prevents Nc7+. B15: Caro-Kann: 3 Nc3: 3...g6 and 3...dxe4 4 Nxe4 Nf6 5 Nxf6+ exf6.} (7... Kf8 $1 $11 {remains equal.}) 8. h3 $16 Bxf3 9. Qxf3 (9. gxf3 Nf6 $11) 9... Nf6 {[%emt 0:00:14] White is slightly better.} 10. Bd3 O-O 11. c3 {[%emt 0:00:06] Prevents Nb4.} Qd7 12. O-O Rfc8 13. Rfe1 Nb8 14. Re2 {[%emt 0:02:51] White is much more active. The black rooks are badly placed.} a6 15. Na3 Nc6 16. Rae1 e6 {[%emt 0:00:41] [#]} 17. Bg5 $146 (17. Nc2 $16) ({Predecessor:} 17. Nc2 b5 18. a3 Ne8 19. h4 Nd6 20. h5 Re8 21. Ne3 Rac8 22. h6 Bf8 23. Bxd6 Qxd6 24. Nxd5 {1-0 (29) Okhotnik,V (2405)-Cioara,A (2345) Nyiregyhaza 1998}) 17... Ne8 $1 $14 18. Nc2 b5 (18... f6 $11 {deserves consideration.} 19. Bf4 e5 20. dxe5 fxe5 21. Bxe5 Nxe5 22. Rxe5 Bxe5 23. Rxe5 Nc7) 19. a3 Nd6 (19... Nc7 $14) 20. h4 (20. Ne3 $16) 20... f5 21. h5 ({Don't play} 21. Rxe6 Ne4 22. Rxc6 (22. Bxe4 $2 dxe4 23. Qd1 Qxe6 $19) 22... Rxc6 $11) 21... Re8 22. Qg3 Ne4 23. Bxe4 dxe4 24. hxg6 hxg6 25. Bf4 Kf7 26. f3 $1 exf3 27. gxf3 Bf6 28. Rg2 Rg8 29. Bg5 Bxg5 30. Qxg5 Rae8 31. Nb4 (31. f4 $16) 31... Nxb4 32. axb4 Qd8 33. Qh6 Qf6 34. Qh7+ Rg7 35. Qh2 Rgg8 36. Qd6 Rh8 37. Ra1 ({White should try} 37. Kf2 $1 $16) 37... Qh4 $132 {[%emt 0:06:35][%mdl 2048] Black is not keeping still} 38. Qxa6 Qf4 {[%emt 0:01:31] Threatens to win with ...Qe3+.} 39. Rf2 $2 (39. d5 $11) 39... Re7 $2 (39... Qg5+ 40. Kf1 Qe3 41. Qa7+ Re7) 40. Qa2 $2 ({Not} 40. Kf1 $2 e5 41. Kg1 exd4 $19) (40. Rg2) 40... Rh3 $2 (40... Qg5+ 41. Kf1 Qe3) 41. Qa8 $2 (41. b3) 41... Rg3+ $2 (41... Kg7 $19 42. Kf1 e5) 42. Kf1 Qe3 43. Rd1 {[%emt 0:00:00] Against Qd3+} Re8 44. Qb7+ Kf6 (44... Re7 $11 45. Qxb5 (45. Qc6 Rh3 $15) 45... Rh3) 45. Qxb5 $14 {[%emt 0:00:30] Dancing on a razor blade.} Rh8 46. Qe5+ $1 Qxe5 47. dxe5+ Kxe5 {[%emt 0:00:30][%mdl 4096] Endgame KRR-KRR} 48. Ke2 ({Better is} 48. Rd3 $16 {f4+ is the strong threat.} g5 49. b5) 48... f4 $11 49. b5 g5 $1 50. c4 g4 51. Rd3 gxf3+ 52. Rdxf3 Rxf3 53. Rxf3 {[%emt 0:00:30] Black must now prevent c5. KR-KR} Rh2+ $2 (53... Ke4 $11 {and Black has nothing to worry.}) 54. Rf2 $18 Rh3 {[%emt 0:00:30] [#]} 55. Kd2 $1 Ke4 56. Kc2 Ke3 $2 (56... Kd4 57. Rxf4+ Kc5) 57. Rd2 {[%emt 0:00:30] Intending Rd3+ and mate.} f3 {[%emt 0:00:30] [#]} 58. b6 $1 {[%emt 0:00:30] And now b7 would win.} Rh7 59. c5 Rb7 60. b4 f2 {[%emt 0:00:30] [#]} 61. Rxf2 $3 Kxf2 62. b5 {[%emt 0:00:30] Hoping for Kc3.} Ke3 63. Kc3 Rb8 64. Kc4 {[%emt 0:00:30] Quite a comeback for White.  Weighted Error Value: White=0.38/Black=0.68} 1-0

[Event "Tirnavia Reti Memorial-GM 2022"]
[Site "Trnava"]
[Date "2022.08.12"]
[Round "3.9"]
[White "Svana, Peter"]
[Black "Skreko, Igor"]
[Result "1-0"]
[ECO "B90"]
[WhiteElo "2280"]
[BlackElo "2193"]
[Annotator "TA"]
[PlyCount "89"]
[EventDate "2022.08.10"]
[EventType "tourn"]
[EventCountry "SVK"]
[SourceTitle "playchess.com"]
[Source "ChessBase"]
[SourceQuality "1"]
[TimeControl "40/5400+30:1800+30"]

1. e4 c5 2. Nf3 d6 3. d4 cxd4 4. Nxd4 Nf6 5. Nc3 a6 6. h3 e5 7. Nde2 h5 {[%emt 0:00:27] B90: Sicilian Najdorf: Unusual White 6th moves, 6 Be3 Ng4 and 6 Be3 e5.} 8. g3 Be7 9. Bg2 Be6 {[%emt 0:01:29] White is slightly better.} 10. Nd5 (10. a4 $14) 10... Nxd5 $1 $15 11. exd5 Bf5 12. c4 Nd7 13. O-O {[%emt 0:01:24] [#]} Qc8 $146 ({Black should try} 13... Rc8 $15) ({Predecessor:} 13... O-O 14. b3 b5 15. f4 exf4 16. Nxf4 Bf6 17. Ba3 Bxa1 18. Qxa1 bxc4 19. Bxd6 Qb6+ {0-1 (55) Nemeth Junior,H (2010)-Drygalov,S (2490) Chess.com INT 2021}) 14. b3 $11 b5 15. cxb5 ({Better is} 15. Be3) 15... axb5 {[%emt 0:00:11] next ...Bc2 is good for Black.} 16. Be3 Nc5 (16... Nf6 $15) 17. Kh2 (17. Rc1 $1 $14) 17... Nd3 18. Qd2 Bf6 {[%emt 0:01:24] [#]} (18... b4 $11 {remains equal.}) 19. Nc3 $1 $16 Qd7 {[%emt 0:04:54] [#]} (19... O-O $142) 20. Ne4 (20. Be4 $1 $16 Nc5 21. Bxc5 dxc5 22. d6 (22. Bxf5 Qxf5 23. Nxb5 O-O $16)) 20... Bxe4 $14 21. Bxe4 Nc5 22. Bg2 (22. Bxc5 $5 dxc5 23. Qc2 $14) 22... O-O 23. b4 Na4 24. Rac1 Rfc8 (24... e4 $14) 25. Rc6 $16 Rxc6 $2 {[%emt 0:03:58] This costs Black the game.} (25... e4 $16 {was worth a try.}) 26. dxc6 $18 Qc7 27. Rc1 g6 28. Qd5 Rb8 29. Bf1 Nb6 30. Qxb5 Bd8 31. a4 d5 32. Bxb6 Rxb6 33. Qc5 Be7 {[%emt 0:08:22] [#]} (33... Rb8 {might work better.} 34. b5 d4) 34. Qxb6 $3 {[%emt 0:01:30][%mdl 512] White is clearly winning.} Qxb6 35. c7 Qxf2+ 36. Bg2 h4 37. c8=Q+ Kg7 38. Qg4 {[%emt 0:00:30] Prevents Bg5.} Qe3 39. Rc7 Bg5 {[%emt 0:00:30] Threatens to win with ...hxg3+.} 40. Qf3 hxg3+ 41. Kh1 Qe1+ 42. Qf1 Qf2 43. Qxf2 gxf2 44. Bf1 e4 45. Rd7 {[%emt 0:02:18] Weighted Error Value: White=0.15 (very precise) /Black=0.50} 1-0

[Event "Tirnavia Reti Memorial-GM 2022"]
[Site "Trnava"]
[Date "2022.08.12"]
[Round "3.10"]
[White "Leszko, Bence"]
[Black "Konyves, Almos"]
[Result "1/2-1/2"]
[ECO "A11"]
[WhiteElo "2241"]
[BlackElo "2229"]
[Annotator "TA"]
[PlyCount "63"]
[EventDate "2022.08.10"]
[EventType "tourn"]
[EventCountry "SVK"]
[SourceTitle "playchess.com"]
[Source "ChessBase"]
[SourceQuality "1"]
[TimeControl "40/5400+30:1800+30"]

1. Nf3 d5 2. g3 c6 3. Bg2 Bg4 4. c4 e6 5. Ne5 Bf5 6. O-O {[%emt 0:02:14] A11: English Opening: 1...c6.} Nf6 7. cxd5 exd5 8. d4 Bd6 9. Nc3 Nbd7 10. Bf4 {[%emt 0:02:26][%cal Oe5c6] [#] aiming for Nxc6!} Qe7 11. Nxd7 Qxd7 12. Bxd6 Qxd6 13. f3 Qd7 14. e4 {[%emt 0:01:34] [#]} Be6 $146 ({Predecessor:} 14... dxe4 15. fxe4 Bh3 16. Qd3 Bxg2 17. Kxg2 O-O 18. Rad1 Rad8 19. a3 Qg4 20. Rf4 Qg6 {1-0 (46) Stefanov,J-Rautenstrauch,H Krakow 1964}) 15. e5 Ng8 16. b4 Ne7 17. Qd3 Bf5 18. Qe2 O-O 19. Rae1 (19. a4) 19... b5 20. g4 Be6 21. h3 a5 22. a3 h5 23. Qd2 hxg4 24. fxg4 Ng6 25. Ne2 axb4 26. axb4 Ra3 27. Ra1 Rfa8 28. Rxa3 Rxa3 29. Rf3 Qa7 {[%emt 0:03:13] Hoping for ...Rxf3.} 30. Rxa3 {[%emt 0:01:13] The position is equal.} Qxa3 31. Qc3 Qa2 32. Nc1 {[%emt 0:00:11] Weighted Error Value: White=0.04 (flawless) /Black=0.05 (flawless)} 1/2-1/2

[Event "Tirnavia Reti Memorial-GM 2022"]
[Site "Trnava"]
[Date "2022.08.13"]
[Round "4.1"]
[White "Malinovsky, Karel"]
[Black "Pechac, Jergus"]
[Result "1/2-1/2"]
[ECO "C60"]
[WhiteElo "2463"]
[BlackElo "2594"]
[Annotator "ChessBase"]
[PlyCount "50"]
[EventDate "2022.08.10"]
[EventType "tourn"]
[EventCountry "SVK"]
[SourceTitle "playchess.com"]
[Source "ChessBase"]
[SourceQuality "1"]
[TimeControl "40/5400+30:1800+30"]

1. e4 e5 2. Nf3 Nc6 3. Bb5 Nge7 4. Nc3 Ng6 5. d4 Nxd4 6. Nxd4 exd4 7. Qxd4 c6 8. Be2 Qb6 9. Qd3 Be7 10. O-O O-O 11. a4 d6 12. a5 Qc7 13. f4 Bd7 14. Be3 Rfe8 15. Qc4 Qc8 16. Qb3 Be6 17. Bc4 Bxc4 18. Qxc4 Bf6 19. Bd4 d5 20. exd5 cxd5 21. Qd3 Bxd4+ 22. Qxd4 Ne7 23. Nxd5 Nxd5 24. Qxd5 Qxc2 25. Rac1 Qxb2 1/2-1/2

[Event "Tirnavia Reti Memorial-GM 2022"]
[Site "Trnava"]
[Date "2022.08.13"]
[Round "4.2"]
[White "Pacher, Milan"]
[Black "Farkas, Gabor"]
[Result "1-0"]
[ECO "C77"]
[WhiteElo "2399"]
[BlackElo "2335"]
[Annotator "RC"]
[PlyCount "77"]
[EventDate "2022.08.10"]
[EventType "tourn"]
[EventCountry "SVK"]
[SourceTitle "playchess.com"]
[Source "ChessBase"]
[SourceQuality "1"]
[TimeControl "40/5400+30:1800+30"]

1. e4 e5 2. Nf3 Nc6 3. Bb5 a6 4. Ba4 Nf6 5. Nc3 b5 6. Bb3 Be7 7. d3 d6 8. a4 Na5 9. axb5 Nxb3 10. cxb3 Bb7 11. O-O axb5 12. Rxa8 Qxa8 13. Nxb5 O-O 14. Bg5 Qa5 15. Na3 Ba6 16. Nc4 Qb4 17. Bd2 Qb5 18. Bc3 Nd7 19. d4 Rb8 20. dxe5 Nxe5 21. Nfxe5 dxe5 22. Bxe5 Qxb3 23. Qxb3 Rxb3 24. Rc1 Bf6 25. Bxf6 gxf6 26. Ne3 Bb7 27. Rc4 Rxb2 28. f3 Bc8 29. Nd5 Kg7 30. Rxc7 Be6 31. Nf4 Rb6 32. g4 Bb3 33. Kf2 Bd1 34. Rd7 Ba4 35. Rd8 Ra6 36. Kg3 Bb3 37. Nh5+ Kg6 38. Rg8+ Kh6 39. Nxf6 1-0

[Event "Tirnavia Reti Memorial-GM 2022"]
[Site "Trnava"]
[Date "2022.08.13"]
[Round "4.3"]
[White "Finek, Vaclav"]
[Black "Czebe, Attila"]
[Result "1/2-1/2"]
[ECO "A27"]
[WhiteElo "2393"]
[BlackElo "2385"]
[Annotator "TA"]
[PlyCount "64"]
[EventDate "2022.08.10"]
[EventType "tourn"]
[EventCountry "SVK"]
[SourceTitle "playchess.com"]
[Source "ChessBase"]
[SourceQuality "1"]
[TimeControl "40/5400+30:1800+30"]

1. Nf3 g6 2. c4 Bg7 3. d4 d6 4. g3 e5 5. Nc3 exd4 6. Nxd4 Nc6 7. Nxc6 bxc6 8. Bg2 Ne7 9. O-O {[%emt 0:00:07] A27: English Opening: Three Knights Variation.} (9. Bg5 {looks sharper.} Bd7 10. e4 O-O 11. O-O) 9... Be6 {[%emt 0:01:36] [#]} 10. Be3 $146 (10. Bg5 {keeps more tension.} O-O 11. Qd3 Rb8 12. b3) ({Predecessor:} 10. c5 d5 11. Bf4 Qd7 12. Qd2 h6 13. Rad1 g5 14. Be3 Nf5 15. Qc1 Nxe3 16. Qxe3 O-O {1-0 (38) Rakhmanov,A (2653)-Djordjevic,V (2350) Chess.com INT 2021}) 10... O-O 11. Bd4 {[%emt 0:00:18] White is slightly better.} f6 12. b3 {[%emt 0:08:32] White is more active.} Qd7 13. e4 Bh3 14. Qd3 c5 15. Be3 (15. Bxh3 {feels hotter.} Qxh3 16. Be3 f5 17. Nd5) 15... Bxg2 16. Kxg2 f5 17. Rae1 Bxc3 18. Qxc3 {[%emt 0:00:50] Bh6 is the strong threat.} fxe4 19. Bh6 Rf7 {[%emt 0:00:09] Prevents Qg7+. Threatens to win with ...Nf5.} 20. Rxe4 Nf5 21. Bg5 Qc6 22. f3 Nd4 23. Re3 h6 $2 ({Black should try} 23... Nf5 $11) 24. Bxh6 $16 Nf5 {[%emt 0:02:53] [#]} 25. Re6 $1 {[%emt 0:03:05][%cal Og3g4] aiming for g4!} Qd7 {[%emt 0:02:12] [#]} (25... Re8 26. Rxe8+) 26. Rfe1 Nxh6 $11 27. Rxg6+ Kh7 28. Ree6 {[%emt 0:02:08] The board is on fire.} Nf5 {[%emt 0:00:08] And now ...Re8 would win.} 29. Qd3 Re8 30. Qe4 Rxe6 31. Rxe6 {[%emt 0:00:04] Hoping for g4.} Kg7 (31... Kg8 $5 ) 32. g4 Ne7 {[%emt 0:16:16] Weighted Error Value: White=0.16 (very precise) /Black=0.21 (precise)} 1/2-1/2

[Event "Tirnavia Reti Memorial-GM 2022"]
[Site "Trnava"]
[Date "2022.08.13"]
[Round "4.4"]
[White "Stevik, Patrik"]
[Black "Velicka, Petr"]
[Result "1/2-1/2"]
[ECO "A11"]
[WhiteElo "2126"]
[BlackElo "2384"]
[Annotator "TA"]
[PlyCount "127"]
[EventDate "2022.08.10"]
[EventType "tourn"]
[EventCountry "SVK"]
[SourceTitle "playchess.com"]
[Source "ChessBase"]
[SourceQuality "1"]
[TimeControl "40/5400+30:1800+30"]

1. c4 c6 2. Nf3 d5 3. e3 Nf6 4. Nc3 Bg4 5. Qb3 Qb6 6. Qxb6 {[%emt 0:02:51] A11: English Opening: 1...c6.} (6. Ne5 {keeps more tension.} Qxb3 7. axb3 Bf5 8. cxd5 Nxd5 9. Bc4) 6... axb6 7. cxd5 Bxf3 (7... Nxd5 {is interesting.} 8. Nxd5 cxd5 9. Ne5 Be6) 8. gxf3 {[%emt 0:00:03] White has an edge.} Nxd5 9. Nxd5 cxd5 10. Bb5+ Nc6 11. b3 e6 12. Bb2 Rg8 {[%emt 0:00:32] [#]} 13. Rg1 $146 ({Predecessor:} 13. a3 g6 14. Ke2 Kd7 15. b4 Bg7 16. d4 Rgc8 17. Rac1 Kd8 18. Bd3 Ne7 19. Kd2 Rxc1 20. Rxc1 {½-½ (25) Sunilduth Lyna,N (2575)-Bluebaum,M (2611) Zuerich 2018}) 13... g6 14. Ke2 Kd7 15. f4 Ba3 16. Bc3 Ke7 17. Rab1 Bb4 18. Bxc6 Bxc3 19. Ba4 (19. Bxd5 $11 {keeps the balance.} Rxa2 20. Bxb7) 19... Bb4 $17 20. Rgc1 Bd6 {[%emt 0:00:12] [#] Prevents Rc7+. ...Ra5 is the strong threat.} 21. Bb5 Rxa2 22. Ra1 Rga8 23. Rxa2 Rxa2 {[%emt 0:00:11][%mdl 4096] Endgame KRB-KRB} 24. Ba4 Kd8 25. Kd1 Ba3 26. Rc2 Ra1+ 27. Ke2 Bd6 28. d4 h5 29. Kf3 Rb1 30. Ra2 b5 31. Bxb5 Rxb3 32. Ra8+ Ke7 33. Ba4 Rb2 34. Re8+ Kf6 35. Rd8 Bb4 {[%emt 0:01:31] White must now prevent ...Be1.} 36. Rc8 Be7 37. Rb8 (37. Rc3 $15) 37... Rb4 38. Ra8 Bd6 39. Be8 Ke7 40. h3 Rb2 41. Ba4 Ra2 42. Re8+ Kf6 43. Bb5 Rb2 44. Bd3 b5 45. Rc8 b4 46. Rc2 Rb3 47. Ke2 Ra3 48. Rc6 Be7 49. Rb6 b3 50. Kf3 Bd8 ({Much worse is} 50... b2 $6 51. Bc2 $11) 51. Rb7 {[%emt 0:02:25] [#]} Ba5 ({Worse is} 51... b2 52. Bb1 $11) (51... Kg7 $1 $17 {And now ...Ba5 would win.} 52. Be2 Bh4) 52. Bb5 $1 $11 {[%emt 0:04:47] The position is equal.} Bb4 53. Be8 Be7 54. Kg2 Ra2 55. Rxb3 Kg7 56. Kg3 Kf8 57. Bd7 Bd8 58. Bb5 Ba5 59. Kf3 Kg7 60. Rb1 Bd8 61. Kg3 g5 62. fxg5 Bxg5 63. Be8 {[%emt 0:01:16] Strongly threatening Rb7.} Be7 64. Bb5 {[%emt 0:00:39] Weighted Error Value: White=0.08 (flawless) /Black=0.06 (flawless)} 1/2-1/2

[Event "Tirnavia Reti Memorial-GM 2022"]
[Site "Trnava"]
[Date "2022.08.13"]
[Round "4.5"]
[White "Sahidi, Samir"]
[Black "Jablonicky, Martin"]
[Result "1/2-1/2"]
[ECO "A43"]
[WhiteElo "2462"]
[BlackElo "2343"]
[Annotator "RC"]
[PlyCount "109"]
[EventDate "2022.08.10"]
[EventType "tourn"]
[EventCountry "SVK"]
[SourceTitle "playchess.com"]
[Source "ChessBase"]
[SourceQuality "1"]
[TimeControl "40/5400+30:1800+30"]

1. d4 Nf6 2. Nf3 g6 3. g3 Bg7 4. Bg2 O-O 5. O-O c5 6. d5 d6 7. Nc3 Na6 8. Re1 Rb8 9. a4 e5 10. dxe6 Bxe6 11. Bf4 Ne8 12. Ng5 Qb6 13. Qc1 Rd8 14. a5 Qc7 15. Rd1 Qe7 16. Qe3 Nb4 17. Rd2 Bd4 18. Qf3 d5 19. Na4 Bf6 20. h4 Nc6 21. Qa3 Nxa5 22. Qxc5 Nc4 23. Qxe7 Bxe7 24. Rdd1 Bf6 25. Nxe6 fxe6 26. Nc5 Ng7 27. Rxa7 Nxb2 28. Rf1 Bd4 29. Rxb7 Bxc5 30. Rxb2 Nh5 31. Be5 Rf5 32. Rb8 Rxb8 33. Bxb8 Rf8 34. g4 Rxb8 35. gxh5 Rb2 36. hxg6 hxg6 37. Rc1 Be7 38. e4 d4 39. e5 Bxh4 40. Be4 Rb5 41. Rd1 Rxe5 42. Rxd4 Be7 43. Kf1 Kf7 44. Ke2 Kf6 45. Ra4 g5 46. f3 Rc5 47. Ra6 Rc3 48. Kd2 Ra3 49. Rb6 Bc5 50. Rc6 Bb4+ 51. c3 Rxc3 52. Rxc3 Ke5 53. Kd3 Bxc3 54. Kxc3 g4 55. Kd3 1/2-1/2

[Event "Tirnavia Reti Memorial-GM 2022"]
[Site "Trnava"]
[Date "2022.08.13"]
[Round "4.6"]
[White "Papp, Levente"]
[Black "Konyves, Almos"]
[Result "1/2-1/2"]
[ECO "D37"]
[WhiteElo "2394"]
[BlackElo "2229"]
[Annotator "TA"]
[PlyCount "94"]
[EventDate "2022.08.10"]
[EventType "tourn"]
[EventCountry "SVK"]
[SourceTitle "playchess.com"]
[Source "ChessBase"]
[SourceQuality "1"]
[TimeControl "40/5400+30:1800+30"]

1. d4 Nf6 2. c4 e6 3. Nf3 d5 4. Nc3 Be7 5. Bf4 O-O 6. a3 Nbd7 7. Nb5 Ne8 8. e3 c6 9. Nc3 Nef6 10. Qc2 Re8 11. h3 dxc4 {[%emt 0:01:21] D37: Queen's Gambit Declined: 5 Bf4.} 12. Bxc4 b5 13. Bd3 Bb7 {[%emt 0:05:55] White is slightly better.} 14. O-O a6 15. b4 {[%emt 0:05:27] Inhibits c5.} a5 16. Rab1 {[%emt 0:01:16] [#]} Nf8 $146 ({Predecessor:} 16... h6 17. e4 axb4 18. axb4 Ra3 19. Bc1 Ra6 20. Be3 Nb6 21. Rfc1 Qa8 22. Ne5 Rd8 23. f4 Nfd7 24. Nxd7 Rxd7 {½-½ (29) Hansen,L (2545)-Lyrberg,P (2415) Copenhagen 1994}) 17. Rfc1 Ng6 18. Bg5 axb4 19. axb4 Ra3 20. Qb2 Qa8 21. Bxg6 hxg6 22. Ne5 c5 (22... Qa6 $14) 23. bxc5 ({Don't play} 23. Nxb5 $6 Ra2 24. Qb3 Bd5 $11) (23. dxc5 $142 {Threatens to win with c6.} Bxg2 24. c6 (24. Nxb5 Ra2 $14) 24... Bxh3 25. Nxb5) 23... Bxg2 $16 24. Qxb5 ({White should try} 24. c6 $16 b4 25. Kxg2 Rxc3 26. Rxc3 bxc3 27. Qb7 (27. Qxc3 Ne4 $15)) 24... Ra5 $2 {[%emt 0:12:44] [#]} (24... Ne4 $1 $11 25. Na4 Rxa4 26. Bxe7 Bxh3) 25. Qe2 {[%emt 0:03:08] Active counter play!} (25. Qb2 $142 $1) 25... Bxc5 26. dxc5 {[%emt 0:05:52] Really sharp!} Rxc5 (26... Bxh3 $16 27. e4 Rxc5) 27. f4 Bxh3 (27... Be4 {is a better defense.}) 28. Qf3 $2 (28. Bxf6 $18 gxf6 29. Nd7) 28... Qxf3 $14 29. Nxf3 {[%emt 0:00:00] Pair of Knights!} Bf5 30. Ra1 Rec8 31. Bxf6 gxf6 32. Ne2 Rxc1+ 33. Rxc1 Rxc1+ {[%emt 0:00:07] The position is equal.} 34. Nxc1 Bg4 35. Kf2 Kg7 36. Kg3 Bxf3 37. Kxf3 $11 {[%emt 0:00:01][%mdl 4096] Endgame KN-KP} f5 38. Nd3 f6 39. Kg3 g5 40. Kf3 Kf7 41. Ke2 Ke7 42. Kd2 Kd6 43. fxg5 fxg5 44. Nf2 Ke5 45. Ke2 Kf6 46. Kf3 e5 47. e4 fxe4+ {[%emt 0:00:04] Weighted Error Value: White=0.21 (precise) /Black=0.20 (precise)} 1/2-1/2

[Event "Tirnavia Reti Memorial-GM 2022"]
[Site "Trnava"]
[Date "2022.08.13"]
[Round "4.7"]
[White "Skreko, Igor"]
[Black "Leszko, Bence"]
[Result "1/2-1/2"]
[ECO "D32"]
[WhiteElo "2193"]
[BlackElo "2241"]
[Annotator "TA"]
[PlyCount "129"]
[EventDate "2022.08.10"]
[EventType "tourn"]
[EventCountry "SVK"]
[SourceTitle "playchess.com"]
[Source "ChessBase"]
[SourceQuality "1"]
[TimeControl "40/5400+30:1800+30"]

1. d4 d5 2. c4 e6 3. Nc3 c5 4. cxd5 cxd4 5. Qa4+ Bd7 6. Qxd4 exd5 7. Qxd5 Nf6 {[%emt 0:00:05] D32: Tarrasch Defence: Sidelines and lines without g3.} 8. Qd1 Bc5 9. e3 O-O $1 {[%emt 0:00:10][%mdl 4] White is slightly better. outshines the older 9...Nc6.} 10. Nf3 Qe7 {[%emt 0:00:08] [#]} 11. Bc4 $146 ({Predecessor:} 11. Be2 Rd8 12. O-O Nc6 13. a3 Rac8 14. Qc2 Bd6 15. Rd1 Ne5 16. Nd4 Neg4 17. g3 Rc5 18. e4 Rh5 19. Bxg4 Nxg4 20. Nd5 Qe8 21. h4 {½-½ (30) Mamedyarov,S (2759)-Boruchovsky,A (2551) Chennai 2022}) 11... Rd8 12. Qe2 Bc6 (12... Nc6 $11) 13. O-O $16 Nbd7 14. Bb3 (14. Nd4 $16) 14... Ne5 $11 15. Nxe5 Qxe5 16. Ba4 Bxa4 17. Nxa4 Bd6 {[%emt 0:00:15][%csl Gd6][%cal Re5h2] [#]} 18. g3 Rac8 19. Bd2 Ne4 {[%emt 0:03:02] Threatens to win with ...Rc2.} 20. Rac1 {[%emt 0:02:29] Inhibits Rc2.} (20. Rfd1 $14) 20... Qe6 {[%emt 0:09:28] [#]} (20... Qd5 $11 21. Rxc8 Rxc8) 21. Rxc8 $1 $16 Rxc8 22. Nc3 $1 Nxd2 23. Qxd2 Bb4 24. Rc1 g6 25. a3 Ba5 26. b4 Bb6 27. Na4 Rd8 28. Qc3 h5 29. Nxb6 axb6 {[%emt 0:01:06][%mdl 4096] Endgame KQR-KQR} 30. Qc7 Rd7 31. Qc8+ Kg7 32. Qc3+ Kh7 33. Qb2 (33. h4 $16) 33... h4 $1 $14 34. Qe2 h3 $1 35. Qf3 Kg7 36. g4 $1 Rd5 $1 37. Qxh3 Rg5 $1 38. Qf3 {[%emt 0:00:30] And now h3 would win.} Rxg4+ 39. Kh1 Rg5 40. Qf4 ({Avoid the trap} 40. Qxb7 $2 Rd5 41. Kg1 Qe4 $19) (40. e4 $5 ) 40... Rg4 41. Qf3 Rg5 $1 42. e4 $1 ({Don't go for} 42. Qxb7 $2 Rd5 43. Kg1 Qe4 $19) 42... Re5 43. Qc3 (43. Re1 $1 $14) 43... Kh7 $1 $11 44. f3 Rh5 45. Qc7 Qf6 46. Qg3 Qb2 47. Qf4 Kg7 48. Rc7 Qb3 49. Rd7 b5 50. Rd6 {[%emt 0:01:19] Black must now prevent Qf6+.} Qc3 {[%emt 0:00:48] Inhibits Qf6+.} 51. Kg2 {[%emt 0:01:28] Black should prevent h4.} Qb2+ 52. Qd2 Qe5 53. Kg1 Qa1+ 54. Qd1 Qa2 55. Rd2 Qxa3 56. Rd7 Qe3+ 57. Kh1 Kg8 {[%emt 0:00:46] ...Qf2 is the strong threat.} 58. Rd8+ {[%emt 0:01:00] The position is equal.} Kh7 {[%emt 0:00:06] Hoping for ...Qf2.} 59. Rd7 Qf2 60. Rxf7+ Kg8 61. Qd8+ Kxf7 62. Qd7+ Kf6 63. Qd6+ Kg7 64. Qc7+ $1 Kf6 65. Qd6+ {[%emt 0:00:04] Weighted Error Value: White=0.10 (very precise) /Black=0.09 (flawless)} 1/2-1/2